 Dungeon Crawl Stone Soup version 0.32-a0-814-g0968bab981 (webtiles) character file.

Game seed: 6028377652789765685

2 senseless the Slasher (level 1, -12/18 HPs)
             Began as a Coglin Berserker on Mar 22, 2024.
             Was a Follower of Trog.
             Mangled by a kobold
             ... wielding a +2 dagger of electrocution
              (20 damage)
             ... on level 1 of the Dungeon.
             The game lasted 00:00:13 (32 turns).

senseless the Slasher (Coglin Berserker)              Turns: 32, Time: 00:00:14

Health: -12/18     AC:  2    Str: 17    XL:     1   Next: 30%
Magic:  1/1        EV: 11    Int:  6    God:    Trog [*.....]
Gold:   0          SH:  0    Dex: 13    Spells: 0/0 levels left

rFire   . . .        a - +0 falchion {Fernanda}
rCold   . . .        c - +0 dagger {Bonhwa}
rNeg    . . .        b - +0 animal skin
rPois   .            (no helmet)
rElec   .            (no cloak)
rCorr   .            (no gloves)
SInv    .            (no boots)
Will    .....        (amulet unavailable)
Stlth   +            (ring unavailable)
HPRegen 0.23/turn    (ring unavailable)
MPRegen 0.07/turn    (no gizmo)

%: no passive effects
@: revving
A: off-hand wielding, slow wielding, warmup strikes, no jewellery
a: Invent Gizmo, Renounce Religion, Berserk


You were on level 1 of the Dungeon.
You worshipped Trog.
Trog was aware of your devotion.
You visited 1 branch of the dungeon, and saw 1 of its levels.

Inventory:

Hand Weapons
 a - a +0 falchion (weapon) {Fernanda}
 c - a +0 dagger (offhand) {Bonhwa}
Armour
 b - a +0 animal skin (worn)
Potions
 d - a potion of brilliance {unknown}


   Skills:
 * Level 3.0 Fighting
 * Level 3.0 Long Blades
 + Level 1.8 Armour
 * Level 1.8 Dodging


You couldn't memorise any spells.
You didn't know any spells.
Your spell library was empty.

Dungeon Overview and Level Annotations

Branches:
Dungeon (1/15)

Altars:


Innate Abilities, Weirdness & Mutations

You can wield a second weapon in your off-hand.
It takes a long time for you to wield or remove held weapons.
Your first few attacks do less damage.
You cannot equip rings or amulets.


Message History

The kobold shouts!
You hear a shout!
You see here a book of Battle.
Found 11 gold pieces.
You hit the kobold but do no damage.
You barely miss the kobold with your +0 falchion.
The kobold barely misses you.
You barely miss the kobold with your +0 falchion.
You closely miss the kobold with your +0 dagger.
The kobold barely misses you.
A kobold comes into view.
It is wielding a +2 dagger of electrocution.
You closely miss the kobold with your +0 dagger.
You slash the kobold with your +0 falchion!
You kill the kobold!
Trog accepts your kill.
No target in view!
No target in view!
No target in view!
No target in view!
No target in view!
No target in view!
The kobold hits you but does no damage.
You are electrocuted!
Ouch! That really hurt!
You are too injured to fight recklessly!
You are too injured to fight recklessly!
You are too injured to fight recklessly!
You are too injured to fight recklessly!
You are too injured to fight recklessly!
You are too injured to fight recklessly!
You are too injured to fight recklessly!
You are too injured to fight recklessly!
A kobold is nearby!
You completely miss the kobold with your +0 dagger.
You barely miss the kobold with your +0 falchion.
The kobold misses you.
You barely miss the kobold with your +0 falchion.
You hit the kobold but do no damage.
The kobold hits you with a +2 dagger of electrocution.
You are electrocuted!!
Ouch! That really hurt!
You die...

... ..................
#... ####...####...##.
#... #.†.# #...##. #...
#...####......
#...#####........>..<.
###.....).:.............
................#######.
........#####...# #.
.####..@# #...# #. #.$K#
...# #. #...# ...# #.
...... ... .. .......
#########


You could see a kobold.

Vanquished Creatures
  A kobold (D:1)
  A ball python (D:1)
2 creatures vanquished.

Notes
Turn   | Place    | Note
-------+----------+-------------------------------------------
     0 | D:1      | senseless the Coglin Berserker began the quest for the Orb.
     0 | D:1      | Reached XP level 1. HP: 18/18 MP: 1/1
    32 | D:1      | Mangled by a kobold

Illustrated notes

Levels and vault maps discovered:
D:1:      dpeg_arrival_boxorama, layout_loops_ring

Action                     || total
---------------------------++-------
  Melee: Dagger            ||     7
         Falchion          ||     7
   Stab: Sleeping          ||     1
 Armour: Animal skin       ||     3
  Dodge: Dodged            ||     4

Table legend: (Time is in decaauts)
 A = Elapsed time spent in this place.
 B = Non-inter-level travel time spent in this place.
 C = Inter-level travel time spent in this place.
 D = Time resting spent in this place.
 E = Time spent auto-exploring this place.
 F = Levels seen in this place.
 G = Mean time per level.
                   A        B        C        D        E       F      G
               +--------+--------+--------+--------+--------+-----+--------+
         Total |     32 |     32 |      0 |      0 |     16 |   1 |   32.0 |
       Dungeon |     32 |     32 |      0 |      0 |     16 |   1 |   32.0 |
               +--------+--------+--------+--------+--------+-----+--------+

Top non-repeatable levels by time:
     D:1: 32 daAuts
